[Event "GCT Zagreb 2019"]
[Site "Zagreb"]
[Date "2019.06.26"]
[Round "1.3"]
[White "So, Wesley"]
[Black "Ding, Liren"]
[Result "1-0"]
[ECO "A23"]
[WhiteElo "2754"]
[BlackElo "2805"]
[Annotator "RC"]
[PlyCount "99"]
[EventDate "2019.06.26"]
[EventType "tourn"]
[EventCountry "CRO"]
[SourceTitle "playchess.com"]
[Source "ChessBase"]
[SourceQuality "1"]
[TimeMode "Bronstein"]
[TimeControl "7200+30"]

1. c4 e5 2. g3 Nf6 3. Bg2 Bc5 4. Nc3 c6 5. e3 O-O 6. Nge2 d5 7. cxd5 Nxd5 8. d4 exd4 9. Nxd5 cxd5 10. exd4 Bb6 11. Nc3 Nc6 12. Be3 Be6 13. O-O Qd7 14. Na4 Rfd8 15. Nxb6 axb6 16. Qb3 Ra6 17. Rfc1 Bh3 18. Bf3 Bg4 19. Bg2 Bh3 20. Bf3 Bg4 21. Bh1 h5 22. h4 Be2 23. Kh2 Qf5 24. Bg2 Na5 25. Qc3 Nc6 26. b3 b5 27. Qd2 Bf3 28. Bf1 Rb6 29. Bf4 Rc8 30. Rc3 Bg4 31. f3 b4 32. Rd3 Bxf3 33. Rxf3 Ne5 34. dxe5 Rc2 35. Rf2 Rxd2 36. Rxd2 Rc6 37. Bh3 Qg6 38. Rad1 Ra6 39. Bg2 d4 40. Bxb7 Ra5 41. Rxd4 Rxa2+ 42. R1d2 Qb6 43. Rxa2 Qxd4 44. Rd2 Qc3 45. Bd5 Kf8 46. Bc4 Ke7 47. Bg5+ f6 48. exf6+ gxf6 49. Re2+ Kd7 50. Bd2 1-0

[Event "GCT Zagreb 2019"]
[Site "Zagreb"]
[Date "2019.07.05"]
[Round "9.5"]
[White "Mamedyarov, Shakhriyar"]
[Black "Anand, Viswanathan"]
[Result "1-0"]
[ECO "D24"]
[WhiteElo "2774"]
[BlackElo "2767"]
[Annotator "ChessBase"]
[PlyCount "89"]
[EventDate "2019.06.26"]
[EventType "tourn"]
[EventCountry "CRO"]
[SourceTitle "playchess.com"]
[Source "ChessBase"]
[SourceQuality "1"]
[TimeMode "Bronstein"]
[TimeControl "7200+30"]

1. d4 Nf6 2. c4 e6 3. Nf3 d5 4. Nc3 dxc4 5. e4 Bb4 6. Bxc4 Nxe4 7. O-O Nf6 8. Qa4+ Nc6 9. Bg5 Bxc3 10. bxc3 O-O 11. Rfe1 Ne7 12. Bd3 Nf5 13. Rad1 h6 14. Bc1 b6 15. c4 Re8 16. Bb2 Bb7 17. Ne5 Ne7 18. Bb1 c5 19. Qc2 Qc7 20. dxc5 Rad8 21. cxb6 axb6 22. Ng4 Ne4 23. f3 Qc5+ 24. Kh1 h5 25. Nh6+ gxh6 26. fxe4 e5 27. Rd5 Bxd5 28. exd5 Ng6 29. Rf1 Re7 30. Qc1 Ra7 31. h3 Rd6 32. Qxh6 Re7 33. Qc1 b5 34. Ba3 b4 35. Bb2 Ra6 36. Rf5 f6 37. Qh6 Nf4 38. Bxe5 Rxe5 39. Rxe5 fxe5 40. Qxa6 Qf2 41. Qc8+ Kf7 42. Qf5+ Kg8 43. Qg5+ Kf8 44. Kh2 h4 45. Bf5 1-0

[Event "GCT Zagreb 2019"]
[Site "Zagreb"]
[Date "2019.07.06"]
[Round "10.5"]
[White "Giri, Anish"]
[Black "Nakamura, Hikaru"]
[Result "1/2-1/2"]
[ECO "C67"]
[WhiteElo "2779"]
[BlackElo "2754"]
[Annotator "RC"]
[PlyCount "77"]
[EventDate "2019.06.26"]
[EventType "tourn"]
[EventCountry "CRO"]
[SourceTitle "playchess.com"]
[Source "ChessBase"]
[SourceQuality "1"]
[TimeMode "Bronstein"]
[TimeControl "7200+30"]

1. e4 e5 2. Nf3 Nc6 3. Bb5 Nf6 4. O-O Nxe4 5. d4 Nd6 6. Bxc6 dxc6 7. dxe5 Nf5 8. Qxd8+ Kxd8 9. h3 Ke8 10. Nc3 h5 11. Bf4 Be7 12. Rad1 Be6 13. Ng5 Rh6 14. Rfe1 Bb4 15. a3 Bxc3 16. bxc3 h4 17. g4 hxg3 18. fxg3 Kf8 19. Kf2 Ne7 20. g4 Nd5 21. Bd2 Nb6 22. Kg3 Nc4 23. Bc1 Bd5 24. Re2 Re8 25. Rde1 Kg8 26. Ne4 Rhe6 27. Nc5 Rxe5 28. Rxe5 Rxe5 29. Rxe5 Nxe5 30. Nxb7 Nc4 31. Nc5 Nd6 32. Bf4 Ne4+ 33. Nxe4 Bxe4 34. Bxc7 f6 35. Bd6 Bxc2 36. Bc7 Bd3 37. Bd6 Bc2 38. Bc7 Bd3 39. Bd6 1/2-1/2